[Event "Titled Tuesday Blitz February 15 Early 2022"]
[White "Johnson, Ben"]
[Black "Al Hosani, Omran"]
[WhiteFideId "2010917"]
[BlackFideId "9308733"]
[WhiteElo "2202"]
[BlackElo "2246"]
[Result "0-1"]
[Round "01"]
[TimeControl "180+1"]
[Date "2022.02.15"]
[WhiteClock "0:00:07"]
[BlackClock "0:01:11"]

1. Nf3 d5 2. e3 c5 3. b3 Nc6 4. Bb5 Bd7 5. Bb2 e6 6. O-O Nf6 7. Bxc6 Bxc6 8. d4 Be7 9. Nbd2 O-O 10. c4 cxd4 11. Nxd4 Rc8 12. Nxc6 Rxc6 13. Qe2 Qc8 14. Rfd1 Rd8 15. h3 a6 16. Rac1 Rd7 17. cxd5 Rxd5 18. Rxc6 Qxc6 19. Rc1 Rc5 20. Rxc5 Qxc5 21. Qc4 Kf8 22. Qxc5 Bxc5 23. Kf1 Ke7 24. Ke2 Bd6 25. Kd3 Nd5 26. a3 f6 27. Ne4 Kd7 28. Nxd6 Kxd6 29. g4 b5 30. h4 e5 31. Ke4 Ke6 32. f4 g6 33. f5+ gxf5+ 34. gxf5+ Kd6 35. a4 Kc5 36. axb5 axb5 37. Ba3+ b4 38. Bb2 Nc3+ 39. Kf3 Kd5 40. Ba1 h5 41. Bb2 e4+ 42. Kf4 Ne2# 0-1


[Site "https://www.chess.com"]

[Event "Titled Tuesday Blitz February 15 Early 2022"]
[White "Johnson, Donald"]
[Black "Korchmar, Vasiliy"]
[WhiteFideId "30949122"]
[BlackFideId "24131750"]
[WhiteElo "1724"]
[BlackElo "2370"]
[Result "0-1"]
[Round "01"]
[TimeControl "180+1"]
[Date "2022.02.15"]
[WhiteClock "0:00:01"]
[BlackClock "0:00:07"]

1. e4 c5 2. Nf3 d6 3. d4 cxd4 4. Nxd4 Nf6 5. Nc3 Nc6 6. Bg5 e6 7. Qd2 a6 8. O-O-O h6 9. Nxc6 bxc6 10. Bf4 d5 11. Qe3 Bb4 12. Be2 O-O 13. g4 Bxc3 14. Qxc3 Nxe4 15. Qe3 Qf6 16. f3 Nf2 17. Qxf2 Qxf4+ 18. Kb1 e5 19. h4 Bxg4 20. Rdg1 Bf5 21. Rh2 h5 22. Rhg2 Bg6 23. Bd3 e4 24. Qd4 c5 25. Qxd5 Rad8 26. Qb3 exd3 27. Rxg6 d2 28. Rxg7+ Kh8 29. c3 Qf5+ 30. Ka1 d1=Q+ 31. Rxd1 Rxd1+ 32. Qxd1 Kxg7 33. Qg1+ Qg6 34. Qf1 Re8 35. a3 Re6 36. Qc4 Qf5 37. Ka2 Qxf3 38. Qxc5 Qg4 39. Qf2 Rf6 40. Qe3 Qc4+ 0-1


[Site "https://www.chess.com"]

[Event "Titled Tuesday Blitz February 15 Early 2022"]
[White "Kabanov, Nikolai"]
[Black "Firat, Burak"]
[WhiteFideId "4127820"]
[BlackFideId "6305881"]
[WhiteElo "2304"]
[BlackElo "2419"]
[Result "0-1"]
[Round "01"]
[TimeControl "180+1"]
[Date "2022.02.15"]
[WhiteClock "0:00:01"]
[BlackClock "0:01:01"]

1. e4 c5 2. Nf3 e6 3. c3 d5 4. exd5 Qxd5 5. d4 Nf6 6. Be2 cxd4 7. cxd4 Nc6 8. O-O Be7 9. Nc3 Qd6 10. Bg5 O-O 11. Bh4 Bd7 12. Bg3 Qb4 13. a3 Qb6 14. Na4 Qd8 15. Nc5 Bc8 16. b4 b6 17. Bb5 Nb8 18. Nd3 Bb7 19. Nde5 a6 20. Ba4 b5 21. Bc2 Nbd7 22. Re1 Nb6 23. Bh4 Rc8 24. Bxf6 Bxf6 25. Qd3 g6 26. Rad1 Qd6 27. Bb1 Bd5 28. Qe3 Nc4 29. Qh6 Bg7 30. Qh4 Qd8 31. Qh3 Nxa3 32. Bd3 Nc2 33. Re2 Nxb4 34. Bb1 a5 35. Ng4 Bxf3 36. Qxf3 Nd5 37. g3 Nc3 38. Ree1 Nxd1 39. Rxd1 b4 40. h4 a4 0-1


[Site "https://www.chess.com"]

[Event "Titled Tuesday Blitz February 15 Early 2022"]
[White "Kamsky, Gata"]
[Black "Fiorito, Fabian"]
[WhiteFideId "2000024"]
[BlackFideId "100200"]
[WhiteElo "2645"]
[BlackElo "2395"]
[Result "1/2-1/2"]
[Round "01"]
[TimeControl "180+1"]
[Date "2022.02.15"]
[WhiteClock "0:00:23"]
[BlackClock "0:01:10"]

1. d4 d5 2. Bf4 Nf6 3. e3 c5 4. c3 Nc6 5. Nd2 Bf5 6. Qb3 Qd7 7. Ngf3 c4 8. Qd1 b5 9. a3 h6 10. Be2 e6 11. O-O Bd6 12. Bxd6 Qxd6 13. Re1 O-O 14. Qc1 a5 15. b3 e5 16. a4 e4 17. Nh4 Bg4 18. axb5 Bxe2 19. Rxe2 Ng4 20. g3 Ne7 21. bxc4 g5 22. Ng2 Qg6 23. f3 exf3 24. Nxf3 Qd3 25. Rea2 dxc4 26. h3 1/2-1/2


[Site "https://www.chess.com"]

[Event "Titled Tuesday Blitz February 15 Early 2022"]
[White "Karabalis, Harilos"]
[Black "Makarian, Rudik"]
[WhiteFideId "4621808"]
[BlackFideId "44105681"]
[WhiteElo "2168"]
[BlackElo "2486"]
[Result "0-1"]
[Round "01"]
[TimeControl "180+1"]
[Date "2022.02.15"]
[WhiteClock "0:01:13"]
[BlackClock "0:01:04"]

1. e4 c5 2. a3 g6 3. h4 h6 4. Nc3 Bg7 5. Bc4 Nc6 6. d3 e6 7. Nge2 Nf6 8. Ba2 d5 9. exd5 exd5 10. Nf4 O-O 11. Nfxd5 Re8+ 12. Kf1 Nxd5 13. Nxd5 Nd4 14. c3 Nf5 15. h5 g5 16. Ne3 Nxe3+ 17. Bxe3 b6 18. Qe2 Bf5 19. Rd1 Qd7 20. Qf3 Rad8 21. Kg1 Be4 22. dxe4 Qxd1+ 23. Kh2 Be5+ 0-1


[Site "https://www.chess.com"]

[Event "Titled Tuesday Blitz February 15 Early 2022"]
[White "Kett, Tim"]
[Black "Galyas, Miklos"]
[WhiteFideId "1801210"]
[BlackFideId "707244"]
[WhiteElo "2098"]
[BlackElo "2409"]
[Result "1/2-1/2"]
[Round "01"]
[TimeControl "180+1"]
[Date "2022.02.15"]
[WhiteClock "0:00:12"]
[BlackClock "0:01:04"]

1. e4 Nc6 2. Nc3 d6 3. f4 g6 4. Nf3 Bg7 5. Bb5 a6 6. Bxc6+ bxc6 7. d3 Nf6 8. O-O O-O 9. Qe1 Rb8 10. Qh4 c5 11. f5 e6 12. Bh6 Nh5 13. Bxg7 Qxh4 14. Nxh4 Kxg7 15. g4 Nf6 16. g5 Nd7 17. fxe6 fxe6 18. Rxf8 Kxf8 19. Rf1+ Kg7 20. b3 Ne5 21. Nf3 Nc6 22. e5 Bd7 23. Ne4 Nb4 24. exd6 cxd6 25. Nxd6 Nxc2 26. Ne5 Be8 27. Nxe8+ Rxe8 28. Rf7+ Kg8 29. Rc7 Nb4 30. Ng4 Rd8 31. Nf6+ Kf8 32. Nxh7+ Kg8 33. Nf6+ Kf8 34. h4 Rxd3 35. h5 gxh5 36. Kh2 Nd5 37. g6 Nxf6 38. Rf7+ Kg8 39. Rxf6 Rd2+ 40. Kh3 Rxa2 41. Rxe6 Kg7 42. Kh4 Rh2+ 43. Kg5 Rg2+ 44. Kxh5 Rh2+ 45. Kg5 Rg2+ 46. Kh5 Rh2+ 47. Kg5 Rg2+ 48. Kh5 1/2-1/2


[Site "https://www.chess.com"]

[Event "Titled Tuesday Blitz February 15 Early 2022"]
[White "Kezin, Roman"]
[Black "Sliwicki, Damian"]
[WhiteFideId "24124621"]
[BlackFideId "1127128"]
[WhiteElo "2509"]
[BlackElo "2084"]
[Result "1-0"]
[Round "01"]
[TimeControl "180+1"]
[Date "2022.02.15"]
[WhiteClock "0:00:52"]
[BlackClock "0:00:11"]

1. b3 e5 2. Bb2 Nc6 3. e3 a6 4. c4 Nf6 5. Nc3 Be7 6. g4 O-O 7. g5 Ne8 8. h4 d6 9. Bg2 Bf5 10. d3 Nb4 11. Ne4 d5 12. cxd5 Nxd5 13. Bxe5 Bb4+ 14. Kf1 f6 15. Bb2 fxg5 16. Qe2 gxh4 17. Nh3 Bg4 18. f3 Nef6 19. Kg1 Bh5 20. Rc1 Ba5 21. Nxf6+ Nxf6 22. Nf4 Bb6 23. Bxf6 Qxf6 24. Nxh5 Qg5 25. f4 Qg6 26. Rxh4 Rae8 27. Rh3 Rf5 28. Kh1 Bxe3 29. Rxc7 Bxf4 30. Rxg7+ Kh8 31. Rxh7+ Kxh7 32. Nxf4+ Kg7 33. Qb2+ Qf6 34. Nh5+ Rxh5 35. Qxf6+ Kxf6 36. Rxh5 Re2 37. a4 Rb2 38. Bd5 b5 39. axb5 axb5 40. Bg8 b4 41. Bc4 Kg6 42. Rb5 Kf6 43. Kg1 Ke7 44. Kf1 Kd6 45. Ke1 Kc6 46. Kd1 Rh2 47. d4 Rg2 48. Bd5+ Kxb5 49. Bxg2 Ka5 50. Kd2 Kb6 51. Kd3 Ka5 52. Kc4 Kb6 53. Kxb4 Ka7 54. Kc5 Ka6 55. b4 Ka7 56. b5 Kb8 57. d5 Ka7 58. d6 Kb8 59. Kc6 Ka7 60. d7 Kb8 61. b6 1-0


[Site "https://www.chess.com"]

[Event "Titled Tuesday Blitz February 15 Early 2022"]
[White "Khachiyan, Melikset"]
[Black "Prohorov, Olexandr"]
[WhiteFideId "13300512"]
[BlackFideId "14105578"]
[WhiteElo "2484"]
[BlackElo "1993"]
[Result "1-0"]
[Round "01"]
[TimeControl "180+1"]
[Date "2022.02.15"]
[WhiteClock "0:00:23"]
[BlackClock "0:00:05"]

1. d4 g6 2. Nc3 Bg7 3. e4 c6 4. Nf3 d5 5. h3 dxe4 6. Nxe4 Nd7 7. Bc4 Ngf6 8. Nxf6+ Nxf6 9. O-O O-O 10. Bg5 Nd5 11. Re1 Re8 12. c3 Qc7 13. Qb3 Be6 14. a4 Rab8 15. Rxe6 fxe6 16. Re1 Qd7 17. Ne5 Bxe5 18. Rxe5 Rf8 19. g4 Rf3 20. Be2 Rf7 21. c4 Nc7 22. Qe3 Rbf8 23. f4 Rd8 24. Re4 c5 25. dxc5 Qd2 26. Qxd2 Rxd2 27. b4 Na6 28. Rxe6 Nxb4 29. f5 Rd7 30. fxg6 hxg6 31. Rxg6+ Kh7 32. Re6 Nc2 33. Re4 a5 34. c6 bxc6 35. c5 Nd4 36. Bd3 Kg7 37. Bc4 1-0


[Site "https://www.chess.com"]

[Event "Titled Tuesday Blitz February 15 Early 2022"]
[White "Khoroshev, Nikita"]
[Black "Sargissyan, Sargis"]
[WhiteFideId "14200287"]
[BlackFideId "13303210"]
[WhiteElo "2354"]
[BlackElo "2174"]
[Result "1/2-1/2"]
[Round "01"]
[TimeControl "180+1"]
[Date "2022.02.15"]
[WhiteClock "0:01:02"]
[BlackClock "0:00:07"]

1. d4 Nf6 2. Nf3 g6 3. Bg5 Bg7 4. Nbd2 O-O 5. e4 d5 6. e5 Ne4 7. Be3 c5 8. c3 Nc6 9. Be2 Bg4 10. O-O cxd4 11. cxd4 e6 12. h3 Nxd2 13. Qxd2 Bxf3 14. Bxf3 f6 15. exf6 Qxf6 16. Rad1 Rae8 17. b3 a6 18. Bg4 Kh8 19. f4 Ne7 20. Bf3 Nf5 21. Bf2 Nd6 22. g3 Nf5 23. Kg2 Rc8 24. Rfe1 Rc6 25. Re5 Rfc8 26. Qe1 Qf7 27. Rd2 Bxe5 28. Qxe5+ Qg7 29. Qe2 Qf6 30. h4 Rc1 31. Rd1 Rxd1 32. Qxd1 Rc6 33. Qd2 Qd8 34. Qe2 Qc7 35. g4 Ne7 36. Kg3 Kg7 37. Qe3 Kf7 38. Be1 Rc2 39. Bb4 Nc6 40. Bc5 b6 41. Ba3 Rxa2 42. Bc1 Rc2 43. Bd2 Ne7 44. Bd1 Rc6 45. Qd3 a5 46. h5 Qd6 47. Kf3 Qc7 48. Ke2 Rd6 49. Qh3 Kg7 50. Qh4 Nc6 51. Bc3 Nb4 52. Bb2 Rc6 53. h6+ Kf7 54. f5 Rc2+ 55. Bxc2 Qxc2+ 56. Kf3 Qxb3+ 57. Kf4 Qxb2 58. fxg6+ Kxg6 59. Qh5+ Kf6 60. Qg5+ Kf7 61. Qg7+ Ke8 62. Ke5 Qe2+ 63. Kd6 Qh2+ 64. Kxe6 Qe2+ 65. Kd6 Qh2+ 66. Ke6 Qe2+ 67. Kd6 Qh2+ 68. Ke6 1/2-1/2


[Site "https://www.chess.com"]

[Event "Titled Tuesday Blitz February 15 Early 2022"]
[White "Khumalo, Keith"]
[Black "Van den Dikkenberg, Erik"]
[WhiteFideId "14319470"]
[BlackFideId "1005880"]
[WhiteElo "1992"]
[BlackElo "2118"]
[Result "1-0"]
[Round "01"]
[TimeControl "180+1"]
[Date "2022.02.15"]
[WhiteClock "0:02:31"]
[BlackClock "0:00:37"]

1. d4 Nf6 2. c4 g6 3. Nc3 Bg7 4. e4 d6 5. Bd3 O-O 6. Nge2 c5 7. d5 Nbd7 8. O-O Ng4 9. b3 Nge5 10. Bc2 f5 11. f4 Ng4 12. h3 Nh6 13. Rb1 fxe4 14. Nxe4 Nf6 15. Ng5 Bf5 16. Bb2 Qd7 17. Ng3 Bxc2 18. Qxc2 Nf5 19. Nxf5 Qxf5 20. Qxf5 gxf5 21. Rbe1 Ne4 22. Bxg7 Kxg7 23. Nxe4 fxe4 24. Rxe4 Kf6 25. Re6+ Kf7 26. Rfe1 Rae8 27. g4 a6 28. a4 Rg8 29. Kg2 h5 30. Kg3 hxg4 31. hxg4 Rh8 32. f5 Rhg8 33. Kf4 Rh8 34. g5 Rh4+ 35. Kg3 Rd4 36. g6+ Kg7 37. Rxe7+ Rxe7 38. Rxe7+ Kf6 39. Rf7+ Kg5 40. g7 Rd3+ 41. Kf2 Rd2+ 42. Ke3 1-0


[Site "https://www.chess.com"]

[Event "Titled Tuesday Blitz February 15 Early 2022"]
[White "Kiolbasa, Oliwia"]
[Black "Tari, Aryan"]
[WhiteFideId "1154613"]
[BlackFideId "1510045"]
[WhiteElo "2190"]
[BlackElo "2567"]
[Result "0-1"]
[Round "01"]
[TimeControl "180+1"]
[Date "2022.02.15"]
[WhiteClock "0:00:23"]
[BlackClock "0:01:29"]

1. e4 e5 2. Nf3 Nc6 3. Bb5 a6 4. Ba4 Bc5 5. O-O Nge7 6. c3 Ba7 7. d4 Ng6 8. Bg5 f6 9. Be3 O-O 10. Nbd2 d6 11. h3 Kh8 12. Re1 exd4 13. cxd4 f5 14. d5 Bxe3 15. Rxe3 f4 16. Rc3 Nce5 17. Rac1 Rf7 18. Nd4 Qg5 19. N2f3 Qd8 20. Ne6 Bxe6 21. dxe6 Re7 22. Ng5 c6 23. Qh5 h6 24. Rd1 Rc7 25. Bb3 Qxg5 0-1


[Site "https://www.chess.com"]

[Event "Titled Tuesday Blitz February 15 Early 2022"]
[White "Kirillov, Dmitry"]
[Black "Babazada, Khazar"]
[WhiteFideId "34180572"]
[BlackFideId "13413554"]
[WhiteElo "2076"]
[BlackElo "2418"]
[Result "0-1"]
[Round "01"]
[TimeControl "180+1"]
[Date "2022.02.15"]
[WhiteClock "0:00:18"]
[BlackClock "0:01:28"]

1. d4 g6 2. c4 Bg7 3. Nc3 d6 4. e4 Nf6 5. Nf3 O-O 6. Be2 Nbd7 7. O-O e5 8. Qc2 a6 9. Rd1 Qe7 10. h3 c6 11. Be3 Nh5 12. g3 Re8 13. Kg2 Nf8 14. dxe5 dxe5 15. c5 Ne6 16. Na4 Nef4+ 17. gxf4 exf4 18. Bd4 Qe6 19. Ng5 f3+ 20. Bxf3 Nf4+ 21. Kh2 Qe7 22. Bxg7 Qxg5 23. Bd4 Bxh3 24. Rg1 Qh4 25. Rg3 Bg2+ 0-1


[Site "https://www.chess.com"]

[Event "Titled Tuesday Blitz February 15 Early 2022"]
[White "Kobalia, Mikhail"]
[Black "Al Mukhaini, Shima"]
[WhiteFideId "4119150"]
[BlackFideId "22005854"]
[WhiteElo "2667"]
[BlackElo "2404"]
[Result "1-0"]
[Round "01"]
[TimeControl "180+1"]
[Date "2022.02.15"]
[WhiteClock "0:01:15"]
[BlackClock "0:00:07"]

1. e4 c5 2. Nf3 d6 3. Bb5+ Bd7 4. Bxd7+ Nxd7 5. O-O Ngf6 6. Qe2 e6 7. c3 Be7 8. d4 O-O 9. Rd1 cxd4 10. cxd4 a6 11. Nc3 b5 12. e5 Ne8 13. Ne4 Nb6 14. Bf4 Nd5 15. Bg3 dxe5 16. dxe5 Nec7 17. Nd6 Qb8 18. Rac1 Qb6 19. Nd4 Bxd6 20. exd6 Ne8 21. Nc6 Nef6 22. Bh4 Kh8 23. Bxf6 Nxf6 24. d7 Nd5 25. Qe5 h6 26. h3 Kg8 27. Rxd5 exd5 28. Qxd5 Kh8 29. Re1 Qc7 30. g3 Kg8 31. Re7 Rad8 32. Nxd8 Qxd8 33. Qd6 a5 34. b3 b4 35. h4 g6 36. Qf6 Qc7 37. Rxf7 Rxf7 38. d8=Q+ Qxd8 39. Qxd8+ 1-0


[Site "https://www.chess.com"]

[Event "Titled Tuesday Blitz February 15 Early 2022"]
[White "Komissarov, Alexey"]
[Black "Musovic, Armin"]
[WhiteFideId "4176545"]
[BlackFideId "939935"]
[WhiteElo "2216"]
[BlackElo "2250"]
[Result "0-1"]
[Round "01"]
[TimeControl "180+1"]
[Date "2022.02.15"]
[WhiteClock "0:01:17"]
[BlackClock "0:01:57"]

1. e4 c6 2. d4 d5 3. exd5 cxd5 4. Nf3 Nc6 5. Ne5 a6 6. c4 Nf6 7. Nc3 g6 8. cxd5 Nxd5 9. Qf3 Be6 10. Nxc6 bxc6 11. Bc4 Bg7 12. O-O O-O 13. Rd1 a5 14. Ne4 Nc7 15. Bxe6 Nxe6 16. d5 cxd5 17. Rxd5 Nd4 0-1


[Site "https://www.chess.com"]

[Event "Titled Tuesday Blitz February 15 Early 2022"]
[White "Kopylov, Alexander A."]
[Black "Ozdemir, Serhan Berat"]
[WhiteFideId "4164857"]
[BlackFideId "6374611"]
[WhiteElo "2436"]
[BlackElo "1920"]
[Result "1-0"]
[Round "01"]
[TimeControl "180+1"]
[Date "2022.02.15"]
[WhiteClock "0:01:37"]
[BlackClock "0:00:05"]

1. e4 c5 2. Nf3 e6 3. g3 d5 4. exd5 exd5 5. Bg2 Nf6 6. O-O Nc6 7. d4 Be7 8. dxc5 Bxc5 9. Nc3 O-O 10. Bg5 Be6 11. Na4 Be7 12. Nd4 h6 13. Nxe6 fxe6 14. Be3 e5 15. Nc5 Bxc5 16. Bxc5 Re8 17. c3 b6 18. Be3 Qd6 19. Qb3 Rad8 20. Rad1 Kh8 21. Qc2 e4 22. Kh1 Ng4 23. Bf4 Qf6 24. f3 exf3 25. Bxf3 Ne3 26. Bxe3 Rxe3 27. Bxd5 Qd6 28. Bg2 Qc5 29. b4 Qxc3 30. Rxd8+ 1-0


[Site "https://www.chess.com"]

[Event "Titled Tuesday Blitz February 15 Early 2022"]
[White "Korkmaz, Necmettin"]
[Black "Jones, Gawain C B"]
[WhiteFideId "6303285"]
[BlackFideId "409561"]
[WhiteElo "2094"]
[BlackElo "2657"]
[Result "0-1"]
[Round "01"]
[TimeControl "180+1"]
[Date "2022.02.15"]
[WhiteClock "0:00:02"]
[BlackClock "0:00:32"]

1. e4 e5 2. Nf3 Nc6 3. Bc4 Bc5 4. c3 Nf6 5. d4 exd4 6. e5 d5 7. Bb5 Ne4 8. cxd4 Bb6 9. Nc3 O-O 10. Be3 Bg4 11. h3 Bh5 12. Be2 f6 13. Rc1 Nxc3 14. bxc3 Bxf3 15. Bxf3 fxe5 16. dxe5 Bxe3 17. Qxd5+ Kh8 18. Qxd8 Raxd8 19. fxe3 Nxe5 20. Ke2 b6 21. Rhd1 g5 22. Rd4 c5 23. Re4 Rfe8 24. Rd1 Rxd1 25. Kxd1 Kg7 26. h4 h6 27. hxg5 hxg5 28. Ke2 Kf6 29. Bg4 b5 30. a4 a6 31. axb5 axb5 32. Bd7 Rb8 33. Bh3 Rg8 34. Bg4 Ra8 35. Bf3 Ra2+ 36. Kd1 Kf5 37. g4+ Kf6 38. Be2 Rb2 39. Ke1 Ke6 40. Kd1 Kd5 41. Rxe5+ Kxe5 42. Bd3 c4 43. Bf5 Kd5 44. Ke1 Kc5 45. Kd1 b4 46. cxb4+ Kxb4 47. e4 c3 48. e5 Kc5 49. e6 Kd6 50. Kc1 Re2 51. Kd1 Rxe6 52. Kc2 Re3 53. Kb3 Ke5 54. Kc2 Kf4 55. Kb3 Rg3 56. Kc2 Rxg4 0-1


[Site "https://www.chess.com"]

[Event "Titled Tuesday Blitz February 15 Early 2022"]
[White "Kornyukov, Alexey"]
[Black "Postnikov, Daniil"]
[WhiteFideId "4150457"]
[BlackFideId "4166329"]
[WhiteElo "2303"]
[BlackElo "2261"]
[Result "0-1"]
[Round "01"]
[TimeControl "180+1"]
[Date "2022.02.15"]
[WhiteClock "0:01:26"]
[BlackClock "0:02:09"]

1. e4 e6 2. d4 d5 3. Nc3 Nf6 4. Bg5 Bb4 5. e5 h6 6. exf6 hxg5 7. fxg7 Rg8 8. Qh5 Qf6 9. Nf3 Qxg7 10. Bb5+ Bd7 11. Bxd7+ Nxd7 12. a3 Bxc3+ 13. bxc3 g4 14. Nd2 Rh8 0-1


[Site "https://www.chess.com"]

[Event "Titled Tuesday Blitz February 15 Early 2022"]
[White "Kovanova, Baira"]
[Black "Fedoseev, Vladimir"]
[WhiteFideId "4164083"]
[BlackFideId "24130737"]
[WhiteElo "2190"]
[BlackElo "2726"]
[Result "0-1"]
[Round "01"]
[TimeControl "180+1"]
[Date "2022.02.15"]
[WhiteClock "0:00:06"]
[BlackClock "0:00:31"]

1. e4 c6 2. Nf3 d5 3. d3 dxe4 4. dxe4 Qxd1+ 5. Kxd1 Nd7 6. Ne1 Nc5 7. f3 e5 8. Be3 Be6 9. c3 f5 10. b4 Na4 11. Kc2 fxe4 12. fxe4 Nf6 13. Nd2 a5 14. a3 Nxc3 15. Kxc3 axb4+ 16. Kc2 b5 17. Nd3 Nd7 18. Be2 bxa3 19. Nb3 c5 20. Ndxc5 Nxc5 21. Nxc5 Bxc5 22. Bxb5+ Kf7 23. Rhf1+ Kg6 24. Bxc5 Rhc8 25. Kd2 Rxc5 26. Bd3 a2 27. Rfc1 Rxc1 28. Kxc1 Kg5 29. Kb2 Kf4 30. Re1 Rd8 31. Bc2 Rd2 32. g3+ Kg4 33. Kc3 Rxh2 34. Bb3 Bxb3 35. Kxb3 Kxg3 36. Rg1+ Kf4 0-1


[Site "https://www.chess.com"]

[Event "Titled Tuesday Blitz February 15 Early 2022"]
[White "Kozlov, Gennady"]
[Black "Eggleston, Thomas A"]
[WhiteFideId "4191668"]
[BlackFideId "412139"]
[WhiteElo "2392"]
[BlackElo "2174"]
[Result "1-0"]
[Round "01"]
[TimeControl "180+1"]
[Date "2022.02.15"]
[WhiteClock "0:01:33"]
[BlackClock "0:00:03"]

1. d4 e6 2. c4 f5 3. Nf3 Nf6 4. g3 Be7 5. Bg2 O-O 6. O-O d6 7. Nc3 Ne4 8. Qc2 Nxc3 9. bxc3 Nc6 10. Ba3 e5 11. Rab1 f4 12. dxe5 dxe5 13. Bxe7 Qxe7 14. e4 g5 15. Rb5 g4 16. Nh4 f3 17. Bh1 Be6 18. Qd2 Bxc4 19. Rbb1 Bxf1 20. Rxf1 Qf6 21. h3 h5 22. Nf5 Rad8 23. Qe3 Ne7 24. hxg4 hxg4 25. Nh6+ Kg7 26. Nxg4 Qg6 27. Bxf3 Rh8 28. Nxe5 Qh7 29. Qg5+ Kf8 30. Re1 Qg7 31. Qf4+ Ke8 32. Ng4 Ng6 33. Qf5 Ne7 34. Qe6 Rd6 35. Qc4 Kd8 36. e5 Rb6 37. Rd1+ Kc8 38. Qd4 Kb8 39. Nf6 Rb2 40. Qd8+ Rxd8 41. Rxd8+ Nc8 42. Nd7+ Qxd7 43. Rxd7 Rxa2 44. Rd8 Ra1+ 45. Kg2 a5 46. Bg4 Ka7 47. Rxc8 a4 48. e6 a3 49. e7 Re1 50. e8=Q Rxe8 51. Rxe8 a2 52. Re1 1-0


[Site "https://www.chess.com"]

[Event "Titled Tuesday Blitz February 15 Early 2022"]
[White "Krylov, Ivan"]
[Black "Papasimakopoulos, Alexandros"]
[WhiteFideId "24128066"]
[BlackFideId "4244125"]
[WhiteElo "2258"]
[BlackElo "2340"]
[Result "0-1"]
[Round "01"]
[TimeControl "180+1"]
[Date "2022.02.15"]
[WhiteClock "0:00:19"]
[BlackClock "0:00:15"]

1. e4 e6 2. d4 d5 3. Nc3 Bb4 4. Bd3 dxe4 5. Bxe4 Nf6 6. Bf3 Nc6 7. Ne2 e5 8. Bxc6+ bxc6 9. O-O e4 10. Bg5 Bxc3 11. Nxc3 Bf5 12. Re1 O-O 13. Bxf6 Qxf6 14. Nxe4 Qg6 15. f3 Rfe8 16. Rc1 Bxe4 17. fxe4 Rxe4 18. Rxe4 Qxe4 19. Qd3 Qe6 20. a3 Rd8 21. Rd1 g6 22. c3 Re8 23. Qf3 Qe2 24. Rf1 Qxf3 25. Rxf3 a5 26. Kf2 a4 27. Kg3 f5 28. Kf4 Re4+ 29. Kg3 Re8 30. Rd3 Rb8 31. Rd2 Kf7 32. Kf3 Ke6 33. h3 Kd5 34. Re2 c5 35. dxc5 Kxc5 36. Re7 c6 37. Ra7 Rxb2 38. Rxa4 Rb3 39. Ra7 Rxc3+ 40. Kf4 h6 41. h4 Rc4+ 42. Kg3 Rg4+ 43. Kh3 Kb6 44. Ra8 c5 45. a4 Kb7 46. Ra5 Kb6 47. Rb5+ Kc6 48. Ra5 c4 49. Ra8 Kb7 50. Ra5 Kb6 51. Ra8 Rd4 52. Kg3 Rd5 53. Rg8 Rd6 54. Ra8 Rc6 55. a5+ Kb7 56. Re8 c3 57. Re1 Ka6 58. Rc1 Kxa5 59. Kf3 Kb4 60. Ke3 Kb3 61. Kd3 Rd6+ 62. Ke2 c2 63. Kf3 Kb2 64. Re1 c1=Q 0-1


[Site "https://www.chess.com"]

[Event "Titled Tuesday Blitz February 15 Early 2022"]
[White "Kucuksari, Kaan"]
[Black "Hoffmann, Asa"]
[WhiteFideId "6380166"]
[BlackFideId "2001470"]
[WhiteElo "2305"]
[BlackElo "2117"]
[Result "1-0"]
[Round "01"]
[TimeControl "180+1"]
[Date "2022.02.15"]
[WhiteClock "0:00:07"]
[BlackClock "0:00:24"]

1. d4 Nf6 2. c4 c5 3. d5 e5 4. Nc3 d6 5. e4 Be7 6. g3 O-O 7. Bg2 Na6 8. Nf3 Ne8 9. O-O Nec7 10. Ne1 Bd7 11. Nd3 b5 12. b3 Rb8 13. f4 f6 14. Be3 bxc4 15. bxc4 Nb4 16. Nxc5 dxc5 17. d6 Ne6 18. dxe7 Qxe7 19. Nd5 Nxd5 20. Qxd5 Rfd8 21. fxe5 Bb5 22. exf6 gxf6 23. Qf5 Bxc4 24. Qxf6 Qxf6 25. Rxf6 Nd4 26. e5 Nc2 27. Rc1 Nxe3 28. Bf3 Bd5 29. e6 Re8 30. Bxd5 Nxd5 31. Rf5 Ne3 32. Re5 Nd5 33. Rxd5 Rxe6 34. Rdxc5 Rb2 35. Rc8+ Kg7 36. R1c2 Re2 37. Rxb2 Rxb2 38. Rc7+ Kg6 39. Rxa7 h5 40. Ra5 Rc2 41. a4 Ra2 42. h3 Kh6 43. Kf1 Kg6 44. Ra6+ Kg5 45. Ra5+ Kg6 46. Ke1 Rg2 47. h4 Rxg3 48. Rg5+ Rxg5 49. hxg5 Kxg5 50. a5 1-0


[Site "https://www.chess.com"]

[Event "Titled Tuesday Blitz February 15 Early 2022"]
[White "Kuznecovs, Nikita"]
[Black "Demchenko, Anton"]
[WhiteFideId "11604557"]
[BlackFideId "4160258"]
[WhiteElo "2127"]
[BlackElo "2539"]
[Result "1/2-1/2"]
[Round "01"]
[TimeControl "180+1"]
[Date "2022.02.15"]
[WhiteClock "0:00:05"]
[BlackClock "0:00:06"]

1. d4 Nf6 2. Bf4 g6 3. e3 Bg7 4. Nf3 O-O 5. Be2 d6 6. h3 Nc6 7. O-O Ne4 8. Bh2 e5 9. c4 exd4 10. exd4 Re8 11. Nc3 Nxc3 12. bxc3 b6 13. Re1 Bb7 14. Bd3 Na5 15. Rxe8+ Qxe8 16. Nd2 Qe7 17. Bf4 Re8 18. Qa4 Bc6 19. Qd1 Qd7 20. Qg4 Qxg4 21. hxg4 h6 22. g5 hxg5 23. Bxg5 Bb7 24. Be3 Ba6 25. Bf1 c5 26. Rc1 Nc6 27. Nf3 Ne7 28. Bf4 Nc8 29. Bg3 Bb7 30. Rd1 Bc6 31. Kh2 Bf6 32. Kh3 Kg7 33. Kh2 Ba4 34. Rd2 Rd8 35. Kg1 Kf8 36. Bh4 Bxh4 37. Nxh4 Ke8 38. f4 Ne7 39. g4 Bd7 40. g5 Nf5 41. Nxf5 Bxf5 42. Kf2 Kd7 43. Bg2 Rh8 44. Kg3 Re8 45. Kf2 Re7 46. Bd5 Be4 47. Bxe4 Rxe4 48. Kf3 Re1 49. dxc5 bxc5 50. Rb2 Kc6 51. Rh2 Rc1 52. Ke4 Re1+ 53. Kd3 Re7 54. Rf2 d5 55. cxd5+ Kxd5 56. c4+ Kc6 57. Rb2 Rd7+ 58. Kc3 Rd4 59. Rf2 Re4 60. f5 Re3+ 61. Kc2 gxf5 62. Rxf5 Re7 63. Rf6+ Kb7 64. Kc3 a6 65. g6 fxg6 66. Rxg6 Re3+ 67. Kc2 Re2+ 68. Kc3 Rxa2 69. Rf6 Rh2 70. Rg6 Rh3+ 71. Kc2 Rh4 72. Kc3 Rf4 73. Rh6 Rf3+ 74. Kc2 Rg3 75. Rf6 Rg5 76. Kc3 Rg3+ 77. Kc2 Rg7 78. Re6 Rc7 79. Kc3 Rc6 80. Re7+ Kb6 81. Re8 Rg6 82. Rf8 Rg3+ 83. Kc2 Ka5 84. Rb8 Rg4 85. Kc3 Rg1 86. Kc2 Rg3 87. Rb7 Ra3 88. Rb8 Ra4 89. Kc3 Rb4 90. Rc8 Kb6 91. Rb8+ Ka5 92. Rc8 Ka4 93. Rxc5 a5 94. Rc8 Rb3+ 95. Kc2 Rh3 96. Rb8 Ka3 97. Rb7 a4 98. c5 Rh5 99. Rb5 Rd5 100. Kc3 Rh5 101. Kc4 Rh4+ 102. Kd5 Rh5+ 103. Kd6 Rh6+ 104. Kd7 Rh5 105. Kc6 Ka2 106. Kb6 a3 107. Rb4 Rh2 108. c6 Rb2 109. Kc5 Rxb4 110. Kxb4 Kb2 111. c7 a2 112. c8=Q a1=Q 113. Qh8+ Kb1 114. Qh1+ Ka2 115. Qd5+ Kb1 116. Qd1+ Kb2 117. Qd4+ Kb1 118. Qf2 Qb2+ 119. Qxb2+ Kxb2 1/2-1/2


[Site "https://www.chess.com"]